 Dungeon Crawl Stone Soup version 0.23.1-37-gaa34b87b72 (webtiles) character file.

Game seed: 10463288986849987647

285 GGGomer the Shield-Bearer (level 6, -12/53 HPs)
             Began as a Minotaur Fighter on Mar 21, 2019.
             Was a Plaything of Xom.
             Mangled by a mummy (16 damage)
             ... in an ossuary.
             The game lasted 00:08:17 (3172 turns).

GGGomer the Shield-Bearer (Minotaur Fighter)        Turns: 3172, Time: 00:08:17

Health: -12/53     AC:  7    Str: 26    XL:     6   Next: 7%
Magic:  5/5        EV:  8    Int:  5    God:    Xom [....*.]
Gold:   128        SH: 10    Dex: 10    Spells: 5/5 levels left

rFire    x . .     SeeInvis .   a - +0 war axe
rCold    + + .     Gourm    +   c - +0 shield
rNeg     . . .     Faith    .   b - +0 scale mail
rPois    +         Spirit   .   (helmet restricted)
rElec    .         Reflect  .   (no cloak)
rCorr    .         Harm     .   (no gloves)
MR       .....                  (no boots)
Stlth    ..........             g - amulet of the gourmand
HPRegen  0.17/turn              j - +4 ring of strength
MPRegen  0.09/turn              q - ring of ice

@: no status effects
A: retaliatory headbutt, horns 2, talons 1, cold resistance 1, poison
resistance, MP-powered wands
a: Renounce Religion


You were in an ossuary.
You worshipped Xom.
You were a beloved toy of Xom.
You were not hungry.

You visited 1 branch of the dungeon, and saw 4 of its levels.
You also visited: Ossuary.

You collected 128 gold pieces.

Inventory:

Hand Weapons
 a - a +0 war axe (weapon)
Armour
 b - a +0 scale mail (worn)
 c - a +0 shield (worn)
Jewellery
 g - an amulet of the gourmand (around neck)
 j - a +4 ring of strength (left hand)
 q - a ring of ice (right hand)
 t - an uncursed amulet of magic regeneration
 u - an uncursed ring of positive energy {unknown}
Wands
 r - a wand of scattershot (5)
Scrolls
 e - 3 scrolls of amnesia {unknown}
 h - 2 scrolls of enchant armour {unknown}
 i - a scroll of fear {unknown}
 k - 2 scrolls of immolation {unknown}
 m - 2 scrolls of teleportation {unknown}
 n - 3 scrolls of remove curse {unknown}
 o - 3 scrolls of identify {unknown}
 s - a scroll of enchant weapon {unknown}
 w - a scroll of magic mapping {unknown}
Potions
 d - a potion of might
 l - 2 potions of berserk rage {unknown}
 p - 3 potions of curing {unknown}
 v - a potion of mutation {unknown}
 x - a potion of heal wounds {unknown}
Comestibles
 f - 2 rations


   Skills:
 + Level 4.6 Fighting
 + Level 4.5 Axes
 + Level 4.8 Armour
 + Level 1.9 Dodging
 + Level 0.5 Stealth
 + Level 5.0 Shields


You had 5 spell levels left.
You didn't know any spells.
Your spell library was empty.

Dungeon Overview and Level Annotations

Branches:
Dungeon (4/15)
 Temple: D:4-7

Altars:
Ashenzari
Elyvilon
Hepliaklqana
Sif Muna
Xom
Yredelemnul

Shops:
D:4 ?


Innate Abilities, Weirdness & Mutations

You reflexively headbutt those who attack you in melee.
You have a pair of horns on your head.
You have sharp toenails.
Your flesh is cold resistant. (rC+)
Your system is resistant to poisons. (rPois)
You expend magic power (3 MP) to strengthen your wands.


Message History

You hit the mummy. Your kick misses the mummy.
The mummy is severely damaged.
You hit the mummy but do no damage. You hit the mummy.
The mummy hits you but does no damage. The mummy hits you!
You die... "Hey, that's my teddy bear!"
Xom revives you! You block the mummy's attack.
You slash the mummy!
You destroy the mummy!
You hit the hobgoblin zombie. You slash the mummy! You hit the mummy.
The hobgoblin zombie barely misses you. You furiously retaliate!
You headbutt the hobgoblin zombie.
You destroy the hobgoblin zombie!
You block the mummy's attack. x2
You hit the mummy. You claw the mummy.
The mummy is severely damaged.
You hit the mummy. You block the mummy's attack. The mummy hits you!
You die...
Xom is highly amused!

#
###########.#
##.M@._.....^.
#..M......^...
#.....∩.∩.....
#.........^.^.
##.........^..
###########.#
#


You could see 2 mummies.

Vanquished Creatures
  A phantom (D:4)
  A quasit (D:3)
  A mummy (Ossuary)
  4 adders
  2 oozes
  A worm (D:2)
  2 dart slugs
  2 leopard geckos (D:1)
  7 orcs (D:3)
  8 bats
  3 giant cockroaches
  6 goblins
  8 hobgoblins
  3 jackals (D:3)
  9 kobolds
  A quokka (D:2)
  2 ball pythons
  5 frilled lizards
  A hobgoblin zombie (Ossuary)
  3 rats
70 creatures vanquished.

Vanquished Creatures (collateral kills)
  An orc priest (D:3)
  An ooze (D:3)
  A dart slug (D:3)
  2 orcs (D:3)
  A jackal (D:3)
  2 kobolds (D:3)
8 creatures vanquished.

Grand Total: 78 creatures vanquished

Notes
Turn   | Place    | Note
-------+----------+-------------------------------------------
     0 | D:1      | GGGomer the Minotaur Fighter began the quest for the Orb.
     0 | D:1      | Reached XP level 1. HP: 19/19 MP: 0/0
    88 | D:1      | Reached XP level 2. HP: 23/27 MP: 1/1
   200 | D:1      | Found a shimmering altar of Xom.
   302 | D:1      | Reached XP level 3. HP: 25/33 MP: 2/2
   475 | D:1      | Reached skill level 4 in Shields
   895 | D:1      | Became a worshipper of Xom of Chaos
   932 | D:2      | Found a deep blue altar of Sif Muna.
   933 | D:2      | Found a basalt altar of Yredelemnul.
   933 | D:2      | Found a white marble altar of Elyvilon.
  1069 | D:2      | XOM: divination: magic mapping
  1157 | D:2      | XOM: harmless Chrm miscast
  1388 | D:2      | Reached skill level 1 in Dodging
  1421 | D:2      | XOM: divination: detect items
  1509 | D:2      | XOM: god gift: wand of scattershot (5)
  1520 | D:2      | Found a hazy altar of Hepliaklqana.
  1764 | D:2      | XOM: 3-stop teleportation journey
  2019 | D:2      | XOM is BORED!
  2032 | D:3      | Reached XP level 4. HP: 40/40 MP: 3/3
  2062 | D:3      | Found a shattered altar of Ashenzari.
  2105 | D:3      | XOM: butterfly on damage
  2156 | D:3      | XOM: cloud trail
  2191 | D:3      | XOM: 1-stop teleportation journey
  2222 | D:3      | XOM: give mutations
  2222 | D:3      | Gained mutation: Your flesh is cold resistant. (rC+) [Xom's
                  | grace]
  2222 | D:3      | Gained mutation: You expend magic power (3 MP) to
                  | strengthen your wands. [Xom's grace]
  2322 | D:3      | XOM: scenery: create altars
  2346 | D:3      | XOM: 1-stop teleportation journey
  2593 | D:3      | XOM: give mutations
  2593 | D:3      | Gained mutation: Your system is resistant to poisons.
                  | (rPois) [Xom's grace]
  2593 | D:3      | Gained mutation: You have sharp toenails. [Xom's grace]
  2614 | D:3      | Noticed Grinder
  2625 | D:3      | Noticed Grinder
  2625 | D:3      | Grinder changed into Grinder the quasit
  2625 | D:3      | XOM: polymorph Grinder -> Grinder the quasit
  2626 | D:3      | Killed Grinder the quasit
  2626 | D:3      | Reached XP level 5. HP: 25/47 MP: 4/4
  2870 | D:3      | XOM: 2-stop teleportation journey
  2993 | D:4      | Noticed a phantom
  3010 | D:4      | Killed a phantom
  3010 | D:4      | Reached skill level 5 in Shields
  3010 | D:4      | Reached XP level 6. HP: 32/53 MP: 5/5
  3058 | D:4      | XOM: harmless Fire miscast
  3136 | D:4      | Found Qyugrur's Magic Scroll Shoppe.
  3158 | D:4      | Found a sand-covered staircase.
  3162 | Ossuary  | Entered an ossuary
  3169 | Ossuary  | XOM: scenery: create altars
  3170 | Ossuary  | Xom revived you
  3172 | Ossuary  | Mangled by a mummy

Skill      XL: |  1  2  3  4  5 |
---------------+----------------+-----
Armour         | 4 |  4.8
Fighting       | 4 |  4.6
Shields        | 4 5 |  5.0
Dodging        | 1 |  1.9
Axes           | 3 4 |  4.5
Stealth        | |  0.5

Action                   |  1- 3 |  4- 6 || total
-------------------------+-------+-------++-------
Melee: War axe           |    90 |    66 ||   156
       Headbutt          |    14 |    11 ||    25
       Kick              |       |    11 ||    11
 Stab: Sleeping          |       |     2 ||     2
  Eat: Chunk             |     4 |       ||     4
       Ration            |       |     1 ||     1
Armor: Scale mail        |    43 |    24 ||    67
Dodge: Dodged            |    49 |    24 ||    73
Block: Shield            |    85 |    49 ||   134
